 Dungeon Crawl Stone Soup version 0.19.5 (webtiles) character file.

313 Cibershadow the Grave Robber (level 6, -1/41 HPs)
             Began as a Human Necromancer on Apr 18, 2017.
             Killed by divine providence
             ... invoked by an orc priest
              (12 damage)
             ... on level 3 of the Dungeon.
             The game lasted 00:50:26 (4528 turns).

Cibershadow the Grave Robber (Human Necromancer)    Turns: 4528, Time: 00:50:27

Health: -1/41      AC:  3    Str: 11    XL:     6   Next: 71%
Magic:  12/12      EV: 12    Int: 17    God:
Gold:   183        SH:  0    Dex: 13    Spells: 5 memorised, 1 level left

rFire  . . .     SeeInvis .     n - +3 quarterstaff (chaos)
rCold  . . .     Gourm    .     u - +0 leather armour {Meow}
rNeg   . . .     Faith    .     (shield currently unavailable)
rPois  .         Spirit   .     p - +1 hat {MR+}
rElec  .         Reflect  .     D - +0 cloak
rCorr  .         Harm     .     (no gloves)
MR     +....     Clarity  +     (no boots)
Stlth  ++........               w - amulet of magic regeneration
                                (no ring)
                                (no ring)

@: no status effects
A: clarity, deformed body, strong 1
a: no special abilities


You were on level 3 of the Dungeon.
You were not hungry.

You visited 1 branch of the dungeon, and saw 3 of its levels.

You collected 183 gold pieces.

Inventory:

Hand Weapons
 d - a +0 short sword
 f - a +0 dagger
 g - a +0 dagger
 m - a +0 dagger
 n - a +3 quarterstaff of chaos (weapon)
 o - a +0 spear
 s - a +0 short sword
 t - a +0 short sword
 A - a +0 dagger
 F - a +0 mace
 H - a +0 whip
 J - a +3 mace
 L - a +0 falchion
Missiles
 i - 15 sling bullets
 q - 22 arrows
 r - 47 stones (quivered)
 v - 70 bolts
 I - 4 tomahawks
Armour
 a - a +0 robe
 e - a +0 ring mail
 j - a +0 helmet
 k - a +0 robe
 p - a +1 hat of magic resistance (worn)
 u - a +0 leather armour (worn) {Meow}
 B - a +0 robe
 D - a +0 cloak (worn)
 K - a +0 ring mail
Jewellery
 w - an amulet of magic regeneration (around neck)
 z - an uncursed amulet of harm {unknown}
Scrolls
 l - 3 scrolls of teleportation
 y - a scroll of amnesia
Potions
 C - 3 potions of curing
 E - a potion of mutation
Books
 b - a book of Necromancy

   Spells                             Type                      Level
   a - Pain                           Necromancy                   1
   b - Animate Skeleton               Necromancy                   1
   c - Vampiric Draining              Necromancy                   3
   d - Regeneration                   Charms/Necromancy            3
   e - Animate Dead                   Necromancy                   4
   f - Control Undead                 Necromancy                   4
Comestibles
 c - 4 bread rations
 h - a beef jerky
 x - 3 fruits
 G - 4 chunks of flesh


   Skills:
 + Level 0.2 Fighting
 + Level 0.2 Short Blades
 + Level 0.2 Staves
 + Level 0.8 Armour
 + Level 2.2 Dodging
 + Level 2.2 Stealth
 + Level 4.3 Spellcasting
 + Level 5.7 Necromancy


You had one spell level left.
You knew the following spells:

 Your Spells              Type           Power        Failure   Level  Hunger
a - Pain                  Necr           ###.         1%          1    None
b - Animate Skeleton      Necr           N/A          1%          1    None
c - Vampiric Draining     Necr           ###.......   8%          3    ###....
d - Regeneration          Chrm/Necr      ##........   21%         3    ###....
e - Control Undead        Necr           ###.......   21%         4    ####...


Dungeon Overview and Level Annotations

Branches:
Dungeon (3/15)

Altars:


Innate Abilities, Weirdness & Mutations

You possess an exceptional clarity of mind.
Armour fits poorly on your strangely shaped body.
Your muscles are strong. (Str +2)


Message History

Press: ? - help, Shift-Dir - straight line, f/p - orc
Aim: an orc (heavily wounded, chance to defeat MR: 92%)
The orc writhes in agony!
You kill the orc!
Done exploring.
You open the door.
An orc priest comes into view. It is wielding a dagger.
The orc priest shouts!
The orc priest hits you but does no damage.
The orc priest hits you with a dagger.
The orc priest calls down the wrath of Beogh upon you.
Beogh smites you!
The orc priest calls down the wrath of Beogh upon you.
Beogh smites you!
* * * LOW HITPOINT WARNING * * *
There is an open door here.
You see here a dagger.
The orc priest calls down the wrath of Beogh upon you.
Beogh smites you!
You die...

#####.#### #.#########
#.#..Z>ZZ.# ############
#.#.#####Z# ...........#
#.#.# #.#
#####.#.##.#####.#.#####Z# #
###.#..........<....##Z#####
#
#......#.###.....##.....Z..#
###.#.#.##.#
##.@..#####.###.#
...........# ##.#.#####.#
#Z# ###.######## #)#.......#
#Z# #.######### #o#########
#Z# #.#.......# ##'## #.#
###.#.#####.###...## #.#
......# #.##.....## ###.#
###...# #<#.......## ##.#.##
#####.#
#..........####.....#


You could see an orc priest.

Vanquished Creatures
  Crazy Yiuf (D:3)
  Natasha (twice) (D:2)
  A worker ant (D:3)
  4 adders
  An ooze (D:1)
  3 worms
  3 dart slugs (D:1)
  A leopard gecko (D:3)
  18 orcs
  A ball python (D:3)
  2 bats
  3 giant cockroaches
  4 goblins (D:1)
  3 hobgoblins
  8 jackals (D:3)
  A quokka (D:3)
  5 frilled lizards
  7 kobolds
  6 rats
74 creatures vanquished.

Vanquished Creatures (collateral kills)
  A scorpion (D:3)
  Ijyb (D:2)
  2 orcs (D:3)
4 creatures vanquished.

Grand Total: 78 creatures vanquished

Notes
Turn   | Place    | Note
-------+----------+-------------------------------------------
     0 | D:1      | Cibershadow the Human Necromancer began the quest for the Orb.
     0 | D:1      | Reached XP level 1. HP: 13/13 MP: 3/3
     3 | D:1      | Learned a level 1 spell: Animate Skeleton
   385 | D:1      | Reached XP level 2. HP: 15/19 MP: 3/5
  1274 | D:1      | Reached XP level 3. HP: 24/24 MP: 4/6
  1607 | D:1      | Gained mutation: Your muscles are strong. (Str +2) [potion of beneficial mutation]
  1608 | D:1      | Gained mutation: You possess an exceptional clarity of mind. [potion of beneficial mutation]
  1610 | D:1      | Gained mutation: Armour fits poorly on your strangely shaped body. [potion of mutation]
  1906 | D:2      | Noticed Ijyb
  1953 | D:3      | HP: 1/24 [poisoned by an adder]
  1960 | D:2      | Noticed Natasha
  2568 | D:2      | Reached XP level 4. HP: 24/30 MP: 2/7
  2580 | D:2      | Killed Ijyb
  2600 | D:2      | Learned a level 3 spell: Vampiric Draining
  2604 | D:2      | Learned a level 3 spell: Regeneration
  2888 | D:2      | Killed Natasha
  2888 | D:2      | Reached skill level 5 in Necromancy
  2888 | D:2      | Reached XP level 5. HP: 29/35 MP: 0/9
  3111 | D:2      | Noticed Natasha
  3115 | D:2      | Killed Natasha
  3154 | D:3      | Found a runed door.
  3158 | D:3      | Noticed Crazy Yiuf
  3179 | D:3      | Killed Crazy Yiuf
  3867 | D:3      | Reached XP level 6. HP: 31/41 MP: 6/11
  3958 | D:3      | Learned a level 4 spell: Control Undead
  4528 | D:3      | Killed from afar by an orc priest

Skill      XL: |  1  2  3  4  5  6 |
---------------+-------------------+-----
Spellcasting   | 3 4 |  4.3
Necromancy     | 5 |  5.7
Fighting       | |  0.2
Short Blades   | |  0.2
Staves         | |  0.2
Armour         | |  0.8
Dodging        | |  2.2
Stealth        | |  2.2

Action                   |  1- 3 |  4- 6 || total
-------------------------+-------+-------++-------
Melee: Short sword       |    27 |       ||    27
       Unarmed           |     4 |       ||     4
       Spear             |     2 |       ||     2
       Quarterstaff      |       |    16 ||    16
Throw: Stone             |       |     1 ||     1
       Tomahawk          |       |     1 ||     1
 Cast: Pain              |    69 |    98 ||   167
       Animate Skeleton  |     4 |    18 ||    22
       Vampiric Draining |       |     9 ||     9
  Use: Scroll            |     7 |     1 ||     8
       Potion            |     7 |       ||     7
  Eat: Pizza             |     1 |       ||     1
       Chunk             |     1 |     4 ||     5
       Meat ration       |     1 |       ||     1
       Fruit             |       |     2 ||     2
Armor: Ring mail         |     1 |       ||     1
       Robe              |     3 |       ||     3
       Leather armour    |       |     7 ||     7
Dodge: Dodged            |    25 |    22 ||    47
